 Dungeon Crawl Stone Soup version 0.14-a0-1585-g835621a (webtiles) character file.

4872 ReteAZ the Basher (level 10, -15/107 HPs)
             Began as an Ogre Hunter on Dec 22, 2013.
             Was a Priest of Okawaru.
             Killed by the air
             ... invoked by Gastronok
              (32 damage)
             ... on Level 1 of the Lair of Beasts.
             The game lasted 01:06:57 (10736 turns).

ReteAZ the Basher (Ogre Hunter)                    Turns: 10736, Time: 01:06:57

HP -15/107       AC  6     Str 22      XL: 10   Next: 40%
MP  20/20        EV 19     Int 10      God: Okawaru [***...]
Gold 327         SH  0     Dex 11      Spells:  0 memorised,  9 levels left

rFire  . . .     SeeInvis .     o - +1 mace (drain)
rCold  . . .     Clarity  .     d - +2 animal skin
rNeg   + . .     Conserve .     (shield restricted)
rPois  .         rCorr    .     s - +1 cap
rElec  .         rRot     .     (no cloak)
SustAb . .       Spirit   .     (gloves unavailable)
rMut   .         Warding  +     (boots unavailable)
Saprov + . .     Stasis   .     y - amulet of warding
                                B - +5 ring of evasion
                                r - +1 ring of strength

@: slowed, heroism, very slow, somewhat resistant to hostile enchantments,
stealthy
A: unfitting armour, fast metabolism 1, saprovore 1, tough skin 1
a: Heroism, Renounce Religion


You were on level 1 of the Lair of Beasts.
You worshipped Okawaru.
Okawaru was most pleased with you.
You were hungry.

You visited 3 branches of the dungeon, and saw 12 of its levels.

You collected 327 gold pieces.

Inventory:

Hand weapons
 o - a +1,+1 mace of draining (weapon)
Missiles
 c - 4 throwing nets (quivered)
 M - 12 darts
Armour
 d - a +2 animal skin (worn)
 s - a +1 cap (worn)
Magical devices
 u - a wand of paralysis (15)
 G - a wand of fireball (8)
 J - a wand of cold (5)
Comestibles
 f - 5 meat rations
 i - 4 pears
 v - 6 bread rations
 x - 2 beef jerkies
 C - 9 cheeses
 N - an apple
Scrolls
 h - 5 scrolls of remove curse
 j - 3 scrolls of fear
 k - 2 scrolls of magic mapping
 l - a scroll of noise {unknown}
 A - a scroll of amnesia
 H - 3 scrolls of teleportation
 P - 2 scrolls of identify
Jewellery
 e - an uncursed ring of sustain abilities
 q - an uncursed ring of protection from fire
 r - a +1 ring of strength (left hand)
 y - an amulet of warding (around neck)
 B - a +5 ring of evasion (right hand)
 E - an uncursed ring of protection from cold
Potions
 a - a potion of restore abilities {unknown}
 g - 2 potions of flight
 m - a potion of speed {unknown}
 n - 10 potions of curing
 p - a potion of confusion {unknown}
 t - 3 potions of lignification {unknown}
 z - 2 potions of invisibility
 D - a potion of resistance {unknown}
 F - a potion of berserk rage {unknown}
 I - a potion of paralysis {unknown}
 K - a potion of agility {unknown}
 L - a potion of degeneration {unknown}
 O - a potion of poison {unknown}


   Skills:
 - Level 9.3(14.3) Fighting
 + Level 12.8(17.8) Maces & Flails
 - Level 4.3(9.3) Throwing
 - Level 6.0(11.0) Dodging
 - Level 0.7(5.7) Stealth
 - Level 6.1 Invocations


You had 9 spell levels left.
You didn't know any spells.

Dungeon Overview and Level Annotations

Branches:
Dungeon (10/16)            Temple (1/1) D:5            Lair (1/8) D:10
    Orc: D:9-12

Altars:
Ashenzari
Cheibriados
Elyvilon
Fedhas
Kikubaaqudgha
Makhleb
Nemelex Xobeh
Okawaru
Sif Muna
Trog
Vehumet
Xom
Yredelemnul
Zin
the Shining One

Shops:
D:4 (

Annotations:
D:9 Pikel
Lair:1 Gastronok


Innate Abilities, Weirdness & Mutations

You are too large for most types of armour.
You have a fast metabolism.
You can tolerate rotten meat.
You have tough skin (AC +1).


Message History

Gastronok is heavily wounded.
Gastronok waves his eye-stalks in wide circles.
The air twists around and strikes you!
You sock Gastronok!
Gastronok is severely wounded.
Gastronok closely misses you.
You hit Gastronok. You drain Gastronok!
Gastronok is severely wounded.
You sock Gastronok! You drain Gastronok!
Gastronok is severely wounded.
Gastronok bites you!
You sock Gastronok!
Gastronok is almost dead.
You hit Gastronok but do no damage. You drain Gastronok!
Gastronok is almost dead.
Gastronok bites you!
* * * LOW HITPOINT WARNING * * *
Gastronok waves his eye-stalks in wide circles.
The air twists around and strikes you!
You die...

....# . #........ #####
.## #..b....# ...
###.##....# #.# #....
#.# #.# #.#.#####(#
####.# #.#..j...(#
####..#.# ###..#.#.####
#.#...#.#####.#.....####
................@......+
#.#......####P#.#....###
####.##.## ###....###
####.# #.#### #.# #.#.
#.# #.# # ###.######
#.%....# # #.#.##.#


You could see Gastronok.

Vanquished Creatures
  An unseen horror (D:7)
  Prince Ribbit (D:5)
  3 blink frogs (Lair:1)
  Eustachio (D:4)
  2 hippogriffs (D:7)
  A mottled dragon (D:7)
  A human (D:8)
  3 centaurs
  An orc warrior (D:7)
  2 giant slugs (Lair:1)
  Blork the orc (D:5)
  3 water moccasins
  3 wolves (Lair:1)
  4 giant frogs
  A manticore skeleton (D:6)
  A sky beast (D:7)
  A cyclops skeleton (D:9)
  9 killer bees (D:7)
  5 crimson imps
  6 hounds
  A centaur skeleton (D:6)
  2 goliath beetles
  3 iguanas
  3 scorpions
  An ogre zombie (D:9)
  A sky beast zombie (D:7)
  A mottled dragon zombie (D:9)
  4 sheep (D:8)
  A hound zombie (D:6)
  7 adders
  3 orc wizards
  A gnoll (D:1)
  8 worker ants
  An inept feature mimic (D:5)
  3 worms
  An adder zombie (D:6)
  A giant eyeball (D:4)
  2 giant geckos
  4 oozes
  11 orcs
  17 bats
  A bat skeleton (D:4)
  A bat zombie (D:5)
  9 hobgoblins
  15 jackals
  4 quokkas
  A ball python (D:6)
  8 giant cockroaches
  A giant newt (D:1)
  2 giant spores
  12 goblins
  2 hobgoblin skeletons
  14 kobolds
  An orc skeleton (D:4)
  A quokka skeleton (D:4)
  19 rats
  A rat skeleton (D:7)
  13 ballistomycetes
  A plant (D:9)
232 creatures vanquished.

Notes
Turn   | Place    | Note
--------------------------------------------------------------
     0 | D:1      | ReteAZ, the Ogre Hunter, began the quest for the Orb.
     0 | D:1      | Reached XP level 1. HP: 22/22 MP: 1/1
   340 | D:1      | Reached XP level 2. HP: 18/29 MP: 2/2
   724 | D:1      | Reached XP level 3. HP: 21/36 MP: 3/3
  1514 | D:2      | Reached XP level 4. HP: 44/44 MP: 4/4
  1551 | D:2      | Reached skill level 5 in Maces & Flails
  2380 | D:3      | Reached skill level 6 in Maces & Flails
  2775 | D:3      | Reached XP level 5. HP: 45/50 MP: 5/5
  2932 | D:4      | Paralysed by a giant eyeball for 2 turns
  2964 | D:4      | Noticed Eustachio
  2971 | D:4      | Killed Eustachio
  2971 | D:4      | Reached skill level 8 in Maces & Flails
  2971 | D:4      | Reached XP level 6. HP: 59/59 MP: 6/6
  3030 | D:4      | Found a shimmering altar of Xom.
  3030 | D:4      | Found a deep blue altar of Sif Muna.
  3737 | D:4      | Found Prouham's Weapon Boutique.
  3910 | D:5      | Entered Level 5 of the Dungeon
  3937 | D:5      | Found a staircase to the Ecumenical Temple.
  3955 | Temple   | Entered the Ecumenical Temple
  4125 | Temple   | Became a worshipper of Warmaster Okawaru
  4477 | D:5      | Reached skill level 9 in Maces & Flails
  4575 | D:5      | Noticed Blork the orc
  4584 | D:5      | Killed Blork the orc
  4584 | D:5      | Reached XP level 7. HP: 49/66 MP: 7/7
  4702 | D:5      | Noticed Prince Ribbit
  4708 | D:5      | Killed Prince Ribbit
  4708 | D:5      | Acquired Okawaru's first power
  4708 | D:5      | Reached skill level 10 in Maces & Flails
  4877 | D:5      | Reached skill level 11 in Maces & Flails
  5097 | D:6      | Reached XP level 8. HP: 28/74 MP: 8/8
  5275 | D:6      | Reached skill level 1 in Invocations
  6164 | D:6      | Reached skill level 5 in Fighting
  6938 | D:7      | Reached XP level 9. HP: 26/89 MP: 15/15
  7809 | D:7      | Reached skill level 5 in Invocations
  8197 | D:7      | Killed an unseen horror
  8197 | D:7      | Reached skill level 5 in Dodging
  8720 | D:8      | Found a burning altar of Makhleb.
  8721 | D:8      | Found a glowing silver altar of Zin.
  8721 | D:8      | Found a radiant altar of Vehumet.
  9443 | D:8      | Reached XP level 10. HP: 104/106 MP: 20/20
  9503 | D:9      | Noticed Pikel
  9803 | D:10     | Entered Level 10 of the Dungeon
  9803 | D:10     | Found a staircase to the Lair.
  9803 | D:10     | Noticed a hill giant
  9819 | Lair:1   | Entered Level 1 of the Lair of Beasts
 10253 | Lair:1   | Reached skill level 12 in Maces & Flails
 10702 | Lair:1   | Noticed Gastronok
 10736 | Lair:1   | Killed from afar by Gastronok

Action                   |  1- 3 |  4- 6 |  7- 9 | 10-12 || total
-------------------------+-------+-------+-------+-------++-------
Melee: Club              |   100 |       |       |       ||   100
       Mace              |    11 |   188 |   427 |   170 ||   796
Throw: Large rock        |     6 |     9 |    20 |    10 ||    45
       Dart              |       |       |     1 |       ||     1
Invok: Heroism           |       |       |     8 |     3 ||    11
Evoke: Wand              |       |     1 |     1 |     2 ||     4
  Use: Scroll            |     1 |     3 |    17 |       ||    21
       Potion            |       |       |     6 |     1 ||     7
 Stab: Sleeping          |     1 |     1 |     1 |       ||     3
       Distracted        |       |     1 |       |       ||     1
